AoeStats
← [GUTZI] Imperatore

MegaRandom

508934253Analyzed
4v4 RM · 9d ago on Sep 24, 2026· 47m 49s· 8 players
Game mode
Random Map
Map size
Large (8 player)
Population
200
Speed
Normal
Resources
Standard
Victory
Conquest
Starting age
Dark Age
Ending age
Imperial Age
RankedLock teamsTeams togetherTeam positionsShared explorationLock speedFull tech treeHidden civsTurbo modeCheats
Victory
Defeat
🇨🇭 Khmer · Switzerland
1125
+12
🇨🇭 Lithuanians · Switzerland
1083
+14
🇨🇭 Maya · Switzerland
1031
+16
🇨🇭 Koreans · Switzerland
968
+17
🇦🇷 Bohemians · Argentina
1062
-16
🇨🇳 Varangians · China
1041
-15
🇭🇰 Mongols · Hong Kong SAR China
1028
-15
🇨🇳 Dravidians · China
975
-13
[GUTZI] Imperatore
0:31 Loom
10:04 Feudal Age
14:01 Castle Age
12:18 Double-Bit Axe
12:17 Horse Collar
21:22 Wheelbarrow
27:19 Imperial Age
25:42 Bow Saw
26:17 Fletching
26:28 Padded Archer Armor
26:52 Ballistics
26:38 Crossbowman
27:26 Thumb Ring
29:34 Chemistry
28:49 Bodkin Arrow
29:14 Arbalester
30:16 Heavy Plow
31:01 Stone Mining
31:02 Gold Mining
31:09 Stone Mining
31:35 Bracer
31:35 Padded Archer Armor
32:17 Crop Rotation
32:49 Two-Man Saw
32:54 Murder Holes
33:09 Fortified Wall
33:00 Elite Skirmisher
34:19 Hand Cart
33:52 Town Watch
35:01 Stone Shaft Mining
35:02 Coinage
34:03 Capped Ram
35:01 Siege Ram
36:06 Leather Archer Armor
36:53 Conscription
37:48 Holcans
37:10 Eagle Warrior
37:36 Arson
37:51 Squires
38:03 Forging
38:24 Ring Archer Armor
37:57 Scale Mail Armor
38:07 Forging
38:05 Elite Eagle Warrior
41:13 Banking
42:08 Chain Mail Armor
42:28 Iron Casting
47:28 Blast Furnace
46:59 Plate Mail Armor
46:34 Town Patrol
[GUTZI] TimiBlo
0:40 Loom
9:23 Feudal Age
10:21 Double-Bit Axe
15:56 Castle Age
13:55 Horse Collar
20:26 Husbandry
22:37 Scale Barding Armor
23:25 Bloodlines
25:13 Bow Saw
25:52 Heavy Plow
29:11 Chain Barding Armor
30:40 Wheelbarrow
30:24 Town Watch
30:35 Gold Mining
34:23 Imperial Age
32:48 Stone Mining
33:29 Pikeman
34:11 Squires
34:23 Forging
34:14 Scale Mail Armor
34:38 Cavalier
36:30 Crop Rotation
36:49 Plate Barding Armor
37:48 Iron Casting
38:20 Conscription
39:02 Paladin
Caesar_2
0:38 Loom
9:11 Feudal Age
13:37 Double-Bit Axe
13:35 Horse Collar
14:08 Fletching
20:59 Castle Age
21:43 Crossbowman
23:19 Light Cavalry
26:32 Scale Barding Armor
26:23 Bodkin Arrow
33:08 Husbandry
34:08 Gold Mining
34:09 Stone Mining
35:57 Thumb Ring
38:12 Gold Shaft Mining
41:29 Imperial Age
39:37 Wheelbarrow
39:09 Heavy Plow
39:21 Bow Saw
39:43 Town Watch
40:23 Forging
40:48 Ballistics
41:35 Arbalester
43:21 Chemistry
44:56 Bracer
46:25 Conscription
46:11 Eupseong
[GUTZI]Halloween
0:42 Loom
10:14 Feudal Age
12:54 Castle Age
11:35 Double-Bit Axe
11:39 Horse Collar
14:06 Bow Saw
19:07 Heavy Plow
22:23 Wheelbarrow
26:00 Imperial Age
23:16 Town Watch
24:13 Gold Mining
24:50 Scale Barding Armor
25:55 Hand Cart
25:46 Stone Mining
26:20 Chain Barding Armor
26:34 Masonry
26:20 Capped Ram
28:07 Bloodlines
27:57 Husbandry
28:10 Forging
29:22 Plate Barding Armor
30:44 Elite Battle Elephant
32:12 Conscription
32:42 Tusk Swords
33:50 Crop Rotation
33:56 Gold Shaft Mining
34:08 Heavy Scorpion
37:39 Siege Engineers
38:35 Double Crossbow
39:40 Chemistry
39:00 Ballistics
39:19 Iron Casting
39:40 Architecture
39:04 Fletching
42:32 Hoardings
46:11 Fortified Wall
46:44 Caravan
威力古德
0:42 Loom
11:48 Feudal Age
17:29 Castle Age
15:17 Double-Bit Axe
16:47 Horse Collar
24:11 Stone Mining
27:12 Stone Shaft Mining
27:09 Gold Mining
28:28 Heavy Plow
32:12 Imperial Age
30:22 Wheelbarrow
32:59 Padded Archer Armor
32:49 Fletching
33:05 Scale Barding Armor
33:11 Forging
33:46 Conscription
32:47 Gothikon
33:22 Elite Jarl
35:21 Bodkin Arrow
37:55 Leather Archer Armor
37:41 Bracer
38:16 Iron Casting
38:02 Chain Barding Armor
38:26 Vendel Legacy
40:23 Onager
42:34 Ring Archer Armor
43:05 Blast Furnace
42:41 Plate Barding Armor
42:37 Town Watch
箭无虚发
10:28 Feudal Age
11:19 Double-Bit Axe
17:25 Castle Age
16:59 Man-at-Arms
30:10 Imperial Age
28:39 Bow Saw
28:25 Elite Skirmisher
29:57 Gambesons
29:32 Long Swordsman
30:13 Squires
31:15 Scale Mail Armor
31:42 Pikeman
33:31 Fishing Lines
34:31 Loom
34:32 Two-Handed Swordsman
35:25 Gold Mining
36:26 Conscription
35:38 Champion
36:49 Forging
37:20 Chain Mail Armor
38:58 Wheelbarrow
38:54 Horse Collar
40:29 Scale Barding Armor
40:55 Plate Mail Armor
41:00 Iron Casting
41:36 Two-Man Saw
40:46 Husbandry
42:27 Medical Corps
44:28 Chain Barding Armor
45:57 Light Cavalry
47:38 Wootz Steel
48:38 Blast Furnace
不知名帅哥
11:37 Feudal Age
16:35 Castle Age
14:33 Double-Bit Axe
16:58 Stone Mining
24:02 Wheelbarrow
29:16 Hand Cart
28:49 Loom
31:21 Bow Saw
37:36 Imperial Age
37:01 Scale Barding Armor
37:36 Gold Mining
38:22 Stone Shaft Mining
38:48 Conscription
37:57 Light Cavalry
38:48 Bloodlines
38:44 Horse Collar
39:45 Gold Shaft Mining
39:03 Hussar
40:54 Chain Barding Armor
40:35 Padded Archer Armor
40:26 Fletching
41:05 Caravan
41:28 Husbandry
42:03 Forging
41:43 Elite Mangudai
43:20 Bodkin Arrow
43:41 Leather Archer Armor
46:17 Murder Holes
47:36 Bracer
48:11 Iron Casting
NoScream
11:01 Feudal Age
15:30 Castle Age
26:30 Imperial Age
25:59 Wheelbarrow
25:53 Loom
29:05 Double-Bit Axe
29:01 Horse Collar
33:58 Chemistry
33:40 Elite Hussite Wagon
34:43 Conscription
33:53 Pikeman
36:51 Halberdier
38:22 Bow Saw
38:40 Hand Cart
46:53 Onager
Connection lost

Rejoining the realm…

Still unreachable

The connection could not be restored.

Session expired

The server has moved on; the page needs a fresh start.